Map: 사이버 포레스트 - 래더

Players

DnS

  • Race: Protoss Protoss
  • Spawn Location: 11:00

RlSky (RiSky) - Winner!

  • Race: Zerg Zerg
  • League: Master
  • Spawn Location: 5:00

Event: HomeStory Cup XIX

VOD

Have the link to the VOD?

Description

Time

  • Played on: June 27, 2019, 1:05 p.m.
  • Length: 7:31

All games in this series

Show
View Real Time Build Order
Export as new Build Order

DnS Protoss 

Build Orders: 1 Gate Expand 

Get SALT Encoding   

  12  0:00  Probe  
  13  0:12  Probe  
  14  0:19  Pylon  
  14  0:25  Probe  
  15  0:33  Probe  
  15  0:40  Gateway  
  15  0:41  Probe  
  16  0:49  Assimilator  
  17  0:51  Probe  
  18  1:03  Probe  
  19  1:15  Probe  
  20  1:27  Cybernetics Core  
  20  1:35  Nexus  
  20  1:38  Probe  
  21  1:47  Pylon  
  21  1:50  Probe  
  21  1:53  Assimilator  
  22  1:55  Adept  
  22  2:02  Probe  
  25  2:15  Robotics Facility, Adept  
  25  2:17  Probe  
  28  2:32  Probe  
  28  2:33  Warp Gate  
  29  2:44  Probe x2  
  29  2:47  Stalker  
  33  2:54  Probe  
  33  2:56  Probe  
  35  3:05  Probe  
  35  3:07  Immortal  
  40  3:13  Probe  
  39  3:22  Probe  
  39  3:23  Sentry  
  39  3:25  Probe  
  41  3:28  Gateway  
  41  3:34  Probe  
  42  3:41  Immortal  
  40  3:50  Sentry  
  40  3:56  Pylon  
  40  4:00  Probe  
  42  4:04  Probe  
  42  4:12  Probe  
  42  4:16  Probe  
  43  4:17  Warp Prism  
  42  4:24  Sentry  
  42  4:31  Gateway x2  
  46  4:36  Gateway  
  46  4:38  Sentry  
  48  4:44  Gateway  
  48  4:51  Gateway  
  48  4:54  Pylon  
  48  4:59  Sentry  
  50  5:01  Zealot  
  50  5:06  Probe x2  
  54  5:13  Pylon  
  54  5:23  Sentry, Zealot  
  54  5:26  Pylon  
  58  5:33  Sentry, Zealot x2  
  64  5:38  Pylon  
  64  5:50  Stalker, Zealot x3  
  64  5:53  Stalker  
  62  6:08  Warp Prism  
  54  6:12  Zealot x2  
  54  6:13  Zealot x3  
  58  6:21  Probe  
  58  6:23  Probe  
  62  6:29  Assimilator  
  62  6:31  Assimilator  
  62  6:36  Immortal  
  60  6:40  Sentry x2  
  50  6:54  Zealot x3  
  50  7:01  Shield Battery  
  54  7:04  Stalker  
  56  7:09  Stalker  
  58  7:17  Zealot x2  
  60  7:23  Zealot  
  60  7:29  Zealot x2  
Show
View Real Time Build Order
Export as new Build Order

RlSky Zerg - Winner!

Build Orders: Hatch First 

Get SALT Encoding   

  12  0:00  Drone  
  13  0:12  Overlord  
  13  0:17  Drone  
  14  0:30  Drone x2  
  16  0:37  Drone  
  17  0:44  Drone  
  18  0:54  Hatchery  
  17  0:58  Drone  
  17  1:00  Extractor  
  17  1:12  Spawning Pool  
  17  1:16  Drone  
  17  1:18  Drone  
  18  1:27  Drone  
  19  1:37  Overlord  
  19  1:51  Drone  
  20  1:59  Queen  
  20  2:00  Zergling x2  
  23  2:01  Metabolic Boost  
  23  2:06  Queen  
  23  2:07  Zergling x2  
  26  2:11  Drone  
  27  2:19  Drone  
  27  2:21  Drone  
  29  2:30  Drone  
  29  2:36  Hatchery  
  29  2:40  Zergling x2  
  29  2:41  Drone  
  31  2:48  Drone  
  32  2:57  Queen  
  33  2:59  Overlord  
  33  3:00  Zergling x4  
  35  3:07  Zergling x2  
  36  3:18  Zergling x2  
  36  3:19  Zergling x6  
  39  3:22  Overlord  
  38  3:33  Drone  
  39  3:34  Drone  
  40  3:45  Drone  
  40  3:55  Drone  
  40  3:58  Drone  
  40  4:00  Drone x2  
  43  4:07  Drone  
  43  4:09  Drone  
  45  4:10  Drone  
  45  4:12  Overlord  
  45  4:13  Roach Warren  
  45  4:14  Drone  
  45  4:16  Drone x2  
  47  4:18  Drone  
  47  4:20  Drone  
  47  4:26  Drone  
  47  4:27  Drone x3  
  47  4:30  Extractor  
  50  4:31  Extractor  
  50  4:32  Extractor  
  50  4:33  Overlord  
  50  4:34  Drone x2  
  50  4:35  Drone  
  50  4:53  Roach x8  
  66  5:02  Zergling x4, Overlord x2  
  66  5:05  Zergling x8  
  72  5:08  Zergling x2  
  72  5:14  Overlord  
  73  5:20  Zergling x2  
  73  5:21  Zergling x8  
  78  5:28  Overlord  
  78  5:29  Zergling x4  
  78  5:33  Ravager x3  
  78  5:34  Ravager  
  84  5:36  Zergling x10  
  84  5:38  Zergling x2  
  84  5:40  Roach  
  91  5:44  Roach  
  91  5:47  Ravager x2  
  95  5:53  Roach x3  
  101  6:01  Roach  
  101  6:02  Zergling x2  
  101  6:03  Zergling x2  
  95  6:05  Zergling x6  
  95  6:08  Zergling x4  
  91  6:11  Zergling x4  
  91  6:16  Zergling x6  
  89  6:19  Zergling x4  
  89  6:21  Ravager x2  
  89  6:24  Ravager x2  
  95  6:26  Zergling x4  
  95  6:30  Zergling x2  
  97  6:34  Zergling x4  
  97  6:38  Zergling x2  
  92  6:42  Zergling x4  
  92  6:45  Zergling x4  
  91  6:47  Zergling x4  
  91  6:51  Zergling x8  
  95  6:55  Ravager  
  95  7:00  Ravager  
  97  7:07  Overlord  
  97  7:11  Overlord  
Tags
 
Add a new tag
Caveats
  • Supply blocks, unpowered buildings, or Contaminate may cause inaccurate times.
  • Supply counts are checked every 10 seconds.